 Dungeon Crawl Stone Soup version 0.31.0-12-g77e489cdc1 (webtiles) character file.

Game seed: 14435966743452490503

199 cdecastro the Cudgeller (level 5, -1/24 (41) HPs)
             Began as an Armataur Warper on Feb 26, 2024.
             Was an Initiate of Yredelemnul.
             Slain by a gnoll
             ... wielding a +0 halberd
              (8 damage)
             ... on level 3 of the Dungeon.
             The game lasted 00:06:07 (2361 turns).

cdecastro the Cudgeller (Armataur Warper)           Turns: 2361, Time: 00:06:08

HP:   -1/24 (41)    AC: 11    Str: 18    XL:     5   Next: 48%
MP:   7/7           EV:  6    Int: 13    God:    Yredelemnul [......]
Gold: 55            SH:  0    Dex: 10    Spells: 7/7 levels left

rFire   . . .        c - +0 mace (drain)
rCold   . . .        (no shield)
rNeg    . . .        l - +0 ring mail
rPois   .            h - +0 helmet
rElec   .            (no cloak)
rCorr   .            (no gloves)
SInv    .            j - +0 barding
Will    .....        (no amulet) Stlth
                     (no ring)
HPRegen 0.24/turn    (no ring)
MPRegen 0.43/turn

%: roll
@: very heavily drained
A: large, deformed body, tough skin 3, armoured tail, roll 1
a: Renounce Religion, Recall Undead Harvest


You were on level 3 of the Dungeon.
You worshipped Yredelemnul.
Yredelemnul was noncommittal.
You visited 1 branch of the dungeon, and saw 3 of its levels.

You collected 55 gold pieces.

Inventory:

Hand Weapons
 c - a +0 mace of draining (weapon)
Missiles
 d - 6 darts of dispersal (quivered)
 m - 6 poisoned darts
Armour
 h - a +0 helmet (worn)
 j - a +0 barding (worn)
 l - a +0 ring mail (worn)
Scrolls
 g - a scroll of fog {unknown}
 k - 2 scrolls of identify {unknown}
 n - a scroll of teleportation {unknown}
Potions
 e - 2 potions of curing {unknown}
 f - a potion of mutation {unknown}
 i - a potion of lignification {unknown}
 o - a potion of invisibility {unknown}
 p - a potion of enlightenment {unknown}
 q - a potion of degeneration {unknown}


   Skills:
 - Level 1.7 Fighting
 + Level 5.3 Maces & Flails
 - Level 0.8 Throwing
 - Level 1.2 Armour
 - Level 1.3 Dodging
 - Level 1.7 Spellcasting
 - Level 3.0 Translocations


You had 7 spell levels left.
You didn't know any spells.
Your spell library contained the following spells:

 Spells                   Type           Power      Damage    Failure   Level
 Blink                    Tloc           16%        N/A       21%         2
 Lesser Beckoning         Tloc           16%        N/A       21%         2
 Teleport Other           Tloc           8%         N/A       38%         3
 Magic Dart               Conj           4%         1d3       43%         1
 Sting                    Conj/Alch      4%         1d3       43%         1
 Call Imp                 Summ           2%         N/A       56%         2
 Mercury Vapours          Alch/Air       2%         N/A       56%         2
 Mephitic Cloud           Conj/Alch/Air  1%         N/A       80%         3
 Stone Arrow              Conj/Erth      2%         3d7       80%         3
 Manifold Assault         Tloc           8%         N/A       80%         4
 Vhi's Electric Charge    Tloc/Air       10%        N/A       94%         4
 Animate Armour           Summ/Erth      2%         N/A       99%         4
 Olgreb's Toxic Radiance  Alch           1%         N/A       99%         4
 Arcjolt                  Conj/Air       0%         1d10      100%        5
 Freezing Cloud           Conj/Ice/Air   0%         6-21      100%        5
 Lehudib's Crystal Spear  Conj/Erth      0%         10d2      100%        8
 Maxwell's Capacitive Co  Air            0%         ∞         100%        8


Dungeon Overview and Level Annotations

Branches:
Dungeon (3/15)

Altars:
Yredelemnul

Shops:
D:2 ?


Innate Abilities, Weirdness & Mutations

Armour fits poorly on your strangely shaped body.
You have extremely tough skin. (AC +3)
You have a long armoured tail.
You regenerate magic when rolling toward enemies. (Rampage MPRegen)


Message History

You barely miss the gnoll.
You tail-slap the gnoll, but do no damage.
The gnoll is almost dead.
The gnoll hits you but does no damage. The gnoll hits you with a +0 whip.
You thump the gnoll!
You kill the gnoll!
The dead are walking!
You swap places.
You see here a +0 whip.
There is a stone staircase leading down, spattered with blood here.
You start resting.
HP restored.
You climb downwards.
Your mindless puppet stays behind to rot.
There is a stone staircase leading up here.
Unknown command.
The gnoll hits you but does no damage.
You roll towards the gnoll!
You hit the gnoll.
Your tail-slap misses the gnoll.
The gnoll is moderately wounded.
The gnoll hits you but does no damage.
You hit the gnoll but do no damage.
The gnoll is moderately wounded.
The gnoll closely misses you.
You closely miss the gnoll.
The gnoll is moderately wounded.
The gnoll hits you with a +0 halberd.
You roll towards the gnoll!
You hit the gnoll but do no damage. The gnoll closely misses you.
The gnoll barely misses you.
Unknown command.
The gnoll hits you from afar with a +0 halberd.
The gnoll hits you with a +0 halberd!
* * * LOW HITPOINT WARNING * * *
The gnoll attacks as it pursues you!
The gnoll hits you from afar with a +0 halberd.
* * * LOW HITPOINT WARNING * * *
The gnoll hits you with a +0 halberd.
* * * LOW HITPOINT WARNING * * *
The gnoll hits you from afar with a +0 halberd!
You die...
Your body rises from the dead as a mindless zombie.

#.........# #
###.##.?..# #.
...##....#
#.#########....#####
........>...........
#.#...##.##...g####.
#.#..g....'.........
#.#...g..##....ZZ...
#.#@#....##...g.g...
#......#.######...#.
######.#.# #.g..<
#.......#.# #..#..
#.#####.#.# #.....
###.# ###### ... #.#
#.#


You could see 2 gnolls.

Vanquished Creatures
  A scorpion (D:2)
  Robin (D:2)
  4 gnolls (D:2)
  2 adders (D:2)
  A ribbon worm (D:2)
  A dart slug (D:2)
  An orc (D:3)
  2 ball pythons (D:2)
  4 bats
  An endoplasm (D:2)
  A giant cockroach (D:1)
  2 goblins
  7 hobgoblins
  2 jackals (D:2)
  A quokka (D:2)
  3 frilled lizards
  5 kobolds
  4 rats
43 creatures vanquished.

Vanquished Creatures (collateral kills)
  A gnoll (D:2)
  An adder (D:2)
  A dart slug (D:2)
  An endoplasm (D:2)
  2 goblins (D:3)
  A ball python (D:2)
  A rat (D:2)
8 creatures vanquished.

Vanquished Creatures (others)
  A bat zombie (D:2)
  A ball python zombie (D:2)
  2 goblin zombies (D:3)
  A hobgoblin zombie (D:2)
  A jackal zombie (D:2)
  2 kobold zombies
  A quokka zombie (D:2)
  A rat zombie (D:2)
10 creatures vanquished.

Grand Total: 61 creatures vanquished

Notes
Turn   | Place    | Note
-------+----------+-------------------------------------------
     0 | D:1      | cdecastro the Armataur Warper began the quest for the Orb.
     0 | D:1      | Reached XP level 1. HP: 17/17 MP: 3/3
    86 | D:1      | Found a faded altar of an unknown god.
   108 | D:1      | Reached skill level 2 in Maces & Flails
   130 | D:1      | Prayed at the altar of an unknown god.
   130 | D:1      | Became a worshipper of Yredelemnul the Dark
   130 | D:1      | Reached * piety under Yredelemnul
   413 | D:1      | Reached XP level 2. HP: 24/24 MP: 4/4
   852 | D:2      | Reached skill level 3 in Maces & Flails
   968 | D:2      | Reached XP level 3. HP: 29/29 MP: 5/5
  1055 | D:2      | Found Papsael's Magic Scroll Shoppe.
  1479 | D:2      | Noticed a scorpion
  1492 | D:2      | Killed a scorpion
  1493 | D:2      | Reached skill level 4 in Maces & Flails
  1493 | D:2      | Reached XP level 4. HP: 25/36 MP: 6/6
  1689 | D:2      | Reached XP level 5. HP: 35/41 MP: 7/7
  2084 | D:3      | Noticed Robin
  2090 | D:3      | Reached skill level 5 in Maces & Flails
  2234 | D:2      | Killed Robin
  2361 | D:3      | Slain by a gnoll

Illustrated notes

Levels and vault maps discovered:
D:1:      dpeg_arrival_pits, layout_basic, ebering_ecumenical_altar_ruins
D:2:      layout_basic, serial_shops, shop, minmay_pentomino_z2
D:3:      layout_basic, serial_curves, eino_curves_03, eino_curves_02,
          uniq_grinder, uniq_robin

Skill      XL: |  1  2  3  4  5 |
---------------+----------------+-----
Maces & Flails | 2 3 4 5 |  5.3
Fighting       | |  1.7
Throwing       | |  0.8
Armour         | |  1.2
Dodging        | |  1.3
Spellcasting   | |  1.7
Translocations | |  3.0

Action                     |  1- 3 |  4- 6 || total
---------------------------+-------+-------++-------
  Melee: Mace              |   128 |    72 ||   200
         Tailslap          |    11 |     9 ||    20
         Punch             |     1 |       ||     1
  Throw: Dart              |     7 |       ||     7
    Use: Scroll            |       |     1 ||     1
   Stab: Distracted        |       |     1 ||     1
 Armour: Leather armour    |    31 |       ||    31
         Ring mail         |   115 |    85 ||   200
  Dodge: Dodged            |    41 |    30 ||    71
